 Dungeon Crawl Stone Soup version 0.22-a0-389-g8519d86 (webtiles) character file.

7786 erloom the Fighter (level 11, -2/88 (89) HPs)
             Began as a Gnoll Wanderer on Apr 30, 2018.
             Was an Elder of Okawaru.
             Slain by an eight-headed hydra (5 damage)
             ... while paralysed
             ... on level 1 of the Lair of Beasts.
             The game lasted 00:32:59 (14792 turns).

erloom the Fighter (Gnoll Wanderer)                Turns: 14792, Time: 00:33:00

HP:   -2/88 (89)    AC: 16    Str: 14    XL:     11   Next: 20%
MP:   20/20         EV:  2    Int: 16    God:    Okawaru [****..]
Gold: 724           SH:  0    Dex: 17    Spells: 22/22 levels left

rFire    . . .     SeeInvis .   U - +4 flail
rCold    . . .     Gourm    .   C - +0 shield
rNeg     + + +     Faith    .   t - +0 chain mail
rPois    ∞         Spirit   .   (no helmet)
rElec    .         Reflect  .   w - +2 cloak
rCorr    .         Harm     .   (no gloves)
MR       .....                  (no boots)
Stlth    ..........             N - amulet of rage
HPRegen  0.24/turn              I - +3 ring of protection
MPRegen  0.17/turn              p - ring of poison resistance

@: paralysed, petrified, berserk cooldown, slowed
A: distributed training, fangs 1, strong nose
a: Heroism, Renounce Religion, Evoke Berserk Rage


You were on level 1 of the Lair of Beasts.
You worshipped Okawaru.
Okawaru was greatly pleased with you.
You were near starving.

You visited 3 branches of the dungeon, and saw 12 of its levels.
You also visited: Ossuary.

You collected 724 gold pieces.

Inventory:

Hand Weapons
 a - a +1 war axe of freezing
 b - a +0 shortbow
 d - a +0 dagger
 g - a +0 hand axe
 m - a +0 war axe
 U - a +4 flail (weapon)
Missiles
 L - 83 arrows
 V - 2 tomahawks (quivered)
Armour
 j - a +0 plate armour
 t - a +0 chain mail (worn)
 w - a +2 cloak (worn)
 C - a +0 shield (worn)
Magical Staves
 O - an uncursed staff of energy
Jewellery
 i - a cursed ring of loudness {unknown}
 p - a ring of poison resistance (right hand)
 v - a +4 ring of dexterity
 I - a +3 ring of protection (left hand)
 J - an uncursed ring of ice
 M - an uncursed ring of protection from cold
 N - an amulet of rage (around neck)
 Q - an uncursed amulet of the acrobat
Wands
 x - a wand of digging (17)
 K - a wand of polymorph (10)
Scrolls
 l - 6 scrolls of remove curse
 q - a scroll of noise {unknown}
 y - 2 scrolls of immolation
 z - 2 scrolls of fear
 D - 8 scrolls of magic mapping
 G - 8 scrolls of teleportation
 H - 4 scrolls of identify
 S - 2 scrolls of amnesia {unknown}
Potions
 c - a potion of agility
 e - 5 potions of curing
 h - 2 potions of might
 k - 3 potions of magic
 n - 3 potions of cancellation
 r - 2 potions of brilliance
 s - 5 potions of degeneration {unknown}
 u - a potion of flight
 A - 3 potions of lignification
 B - 2 potions of mutation
 F - 4 potions of heal wounds {unknown}
 P - a potion of haste {unknown}
 R - a potion of resistance {unknown}
Comestibles
 f - 20 rations


   Skills:
 + Level 9.0 Fighting
 + Level 6.0 Short Blades
 + Level 6.0 Long Blades
 + Level 6.0 Axes
 + Level 6.0 Maces & Flails
 + Level 6.0 Polearms
 + Level 6.5 Staves
 + Level 6.0 Slings
 + Level 6.0 Bows
 + Level 6.0 Crossbows
 + Level 6.5 Throwing
 + Level 6.0 Armour
 + Level 6.5 Dodging
 + Level 6.4 Stealth
 + Level 6.0 Shields
 + Level 7.6 Unarmed Combat
 + Level 6.0 Spellcasting
 + Level 4.9 Conjurations
 + Level 4.9 Hexes
 + Level 4.9 Charms
 + Level 4.9 Summonings
 + Level 4.9 Necromancy
 + Level 4.9 Translocations
 + Level 4.9 Transmutations
 + Level 4.9 Fire Magic
 + Level 4.9 Ice Magic
 + Level 4.9 Air Magic
 + Level 4.9 Earth Magic
 + Level 4.9 Poison Magic
 + Level 6.5 Invocations
 + Level 6.5 Evocations


You had 22 spell levels left.
You didn't know any spells.

Dungeon Overview and Level Annotations

Branches:
Dungeon (10/15)            Temple (1/1) D:6            Lair (1/6) D:9
    Orc: D:9-12

Altars:
Ashenzari
Cheibriados
Dithmenos
Elyvilon
Fedhas
Gozag
Hepliaklqana
Kikubaaqudgha
Makhleb
Nemelex Xobeh
Okawaru
Qazlal
Ru
Sif Muna
Trog
Uskayaw
Vehumet
Wu Jian
Xom
Yredelemnul
Zin
The Shining One

Annotations:
D:4 Kairos's ghost, amateur DDFi


Innate Abilities, Weirdness & Mutations

Your experience applies equally to all skills.
You have very sharp teeth.
Your uncanny sense of smell can sniff out nearby items.


Message History

The eight-headed hydra bites you.
* * * LOW HITPOINT WARNING * * *
The eight-headed hydra bites you but does no damage.
The eight-headed hydra barely misses you.
The bullfrog barely misses you. The basilisk gazes at you.
The eight-headed hydra bites you.
* * * LOW HITPOINT WARNING * * *
The eight-headed hydra bites you but does no damage. x2
The eight-headed hydra bites you.
* * * LOW HITPOINT WARNING * * *
The eight-headed hydra bites you.
* * * LOW HITPOINT WARNING * * *
The eight-headed hydra bites you but does no damage. x3
The bullfrog hits you.
The bullfrog hits you but does no damage.
The basilisk gazes at you.
The eight-headed hydra bites you but does no damage.
The eight-headed hydra bites you!
You die...

#P.........#
##........##
#........#
#........#
#........#
#........#
#........#
#........#
#..@.....#
##.lDF....#
#.......>.##
##.........#
P#######........##
................#
................#
.................#
.................#


You could see an eight-headed hydra, a basilisk and a bullfrog.

Vanquished Creatures
  2 two-headed ogres
  2 centaur skeletons
  A rime drake (Lair:1)
  Grinder (D:4)
  2 hippogriffs (D:7)
  A spriggan (D:7)
  A wyvern (D:8)
  Eustachio (D:3)
  A soldier ant (D:8)
  A water moccasin (D:7)
  An ice beast (D:8)
  A sky beast (D:7)
  An orc warrior (D:10)
  A necrophage (D:8)
  A phantom (D:8)
  2 black bears
  4 centaurs
  6 ogres
  2 big kobolds
  8 bullfrogs
  An elf zombie (Ossuary)
  4 scorpions
  2 killer bees
  2 howler monkeys
  7 crimson imps
  2 human zombies (Ossuary)
  3 centaur zombies
  2 bullfrog zombies
  4 hounds
  5 jellies
  10 orc wizards
  Crazy Yiuf (D:7)
  5 orc priests
  4 iguanas
  Terence (D:2)
  11 worker ants
  A killer bee zombie (D:6)
  3 big kobold zombies (Ossuary)
  4 hound zombies
  2 hound skeletons
  3 mummies (Ossuary)
  3 worker ant zombies
  14 adders
  2 adder skeletons
  7 adder zombies
  8 worms
  A dart slug (D:1)
  3 leopard geckos
  29 orcs
  2 ball pythons
  7 giant cockroaches
  A goblin (D:3)
  8 hobgoblins
  16 jackals
  5 quokkas
  12 bats
  9 frilled lizards
  4 goblin zombies (Ossuary)
  3 hobgoblin zombies (Ossuary)
  A jackal skeleton (D:8)
  3 jackal zombies (Ossuary)
  11 kobolds
  3 kobold zombies (Ossuary)
  An orc zombie (Ossuary)
  A quokka skeleton (D:5)
  3 quokka zombies (Ossuary)
  6 rats
  3 rat zombies (Ossuary)
283 creatures vanquished.

Notes
Turn   | Place    | Note
-------+----------+-------------------------------------------
     0 | D:1      | erloom the Gnoll Wanderer began the quest for the Orb.
     0 | D:1      | erloom set off with: 2 scrolls of fear, 2 scrolls of teleportation, a +0 robe, a +0 dagger, a ration
     0 | D:1      | Reached XP level 1. HP: 23/23 MP: 2/2
   241 | D:1      | Reached XP level 2. HP: 29/29 MP: 3/3
  1015 | D:1      | Reached XP level 3. HP: 33/35 MP: 4/4
  1560 | D:2      | Reached skill level 1 in Invocations
  1734 | D:2      | Noticed Terence
  1785 | D:2      | Noticed a big kobold
  1830 | D:2      | Reached skill level 1 in Short Blades
  1830 | D:2      | Reached skill level 1 in Long Blades
  1830 | D:2      | Reached skill level 1 in Axes
  1830 | D:2      | Reached skill level 1 in Maces & Flails
  1830 | D:2      | Reached skill level 1 in Polearms
  1830 | D:2      | Reached skill level 1 in Slings
  1830 | D:2      | Reached skill level 1 in Bows
  1830 | D:2      | Reached skill level 1 in Crossbows
  1830 | D:2      | Reached skill level 1 in Armour
  1830 | D:2      | Reached skill level 1 in Shields
  1830 | D:2      | Reached skill level 1 in Spellcasting
  1970 | D:2      | Reached XP level 4. HP: 35/41 MP: 6/6
  2458 | D:2      | Found an ornate altar of the Wu Jian Council.
  2458 | D:2      | Found a shimmering altar of Xom.
  2685 | D:3      | Reached skill level 1 in Conjurations
  2685 | D:3      | Reached skill level 1 in Hexes
  2685 | D:3      | Reached skill level 1 in Charms
  2685 | D:3      | Reached skill level 1 in Summonings
  2685 | D:3      | Reached skill level 1 in Necromancy
  2685 | D:3      | Reached skill level 1 in Translocations
  2685 | D:3      | Reached skill level 1 in Transmutations
  2685 | D:3      | Reached skill level 1 in Fire Magic
  2685 | D:3      | Reached skill level 1 in Ice Magic
  2685 | D:3      | Reached skill level 1 in Air Magic
  2685 | D:3      | Reached skill level 1 in Earth Magic
  2685 | D:3      | Reached skill level 1 in Poison Magic
  3382 | D:3      | Reached XP level 5. HP: 47/47 MP: 7/7
  3711 | D:2      | Killed a big kobold
  3835 | D:2      | Killed Terence
  3933 | D:4      | Reached XP level 6. HP: 50/53 MP: 8/8
  3953 | D:4      | Found a white marble altar of Elyvilon.
  4095 | D:4      | Noticed Eustachio
  4131 | D:3      | Killed Eustachio
  4131 | D:3      | Reached skill level 5 in Unarmed Combat
  4531 | D:4      | Noticed Kairos's ghost (amateur DDFi)
  4648 | D:4      | Reached XP level 7. HP: 59/59 MP: 10/10
  4719 | D:4      | Noticed Grinder
  4734 | D:4      | Killed Grinder
  4734 | D:4      | Reached skill level 7 in Fighting
  4862 | D:4      | Found a sacrificial altar of Ru.
  5272 | D:5      | Entered Level 5 of the Dungeon
  5753 | D:5      | Reached XP level 8. HP: 41/67 MP: 12/12
  5829 | D:5      | Found a stormy altar of Qazlal.
  5834 | D:5      | Found a transporter.
  6068 | D:5      | Found a transporter.
  6628 | D:6      | Found an ancient bone altar of Kikubaaqudgha.
  6657 | D:6      | Found a deep blue altar of Sif Muna.
  6752 | D:6      | Found a glowing silver altar of Zin.
  6819 | D:6      | Found a white marble altar of Elyvilon.
  6869 | D:6      | Found a sand-covered staircase.
  6878 | Ossuary  | Entered an ossuary
  7733 | D:6      | Found a glowing golden altar of the Shining One.
  7738 | D:6      | Reached XP level 9. HP: 72/72 MP: 14/14
  7813 | D:6      | Found a blossoming altar of Fedhas.
  7952 | D:6      | Found a staircase to the Ecumenical Temple.
  7958 | Temple   | Entered the Ecumenical Temple
  8016 | Temple   | Became a worshipper of Warmaster Okawaru
  8532 | D:7      | Found a runed door.
  8602 | D:7      | Noticed Crazy Yiuf
  8606 | D:7      | Killed Crazy Yiuf
  8926 | D:7      | Reached * piety under Okawaru
  8926 | D:7      | Reached skill level 5 in Staves
  8926 | D:7      | Reached skill level 5 in Throwing
  8926 | D:7      | Reached skill level 5 in Dodging
  8926 | D:7      | Reached skill level 5 in Evocations
  9064 | D:7      | Reached skill level 5 in Stealth
  9226 | D:7      | Reached skill level 8 in Fighting
  9379 | D:7      | Reached skill level 5 in Invocations
  9978 | D:8      | Reached ** piety under Okawaru
 10097 | D:8      | Found a sparkling altar of Nemelex Xobeh.
 10124 | D:8      | Reached XP level 10. HP: 62/79 MP: 17/17
 10215 | D:8      | Noticed a two-headed ogre
 10543 | D:8      | Found a runed door.
 10720 | D:8      | HP: 2/79 [two-headed ogre/giant club (18)]
 11522 | D:8      | Found a runed door.
 11637 | D:8      | Killed a two-headed ogre
 11637 | D:8      | Reached skill level 5 in Short Blades
 11637 | D:8      | Reached skill level 5 in Long Blades
 11637 | D:8      | Reached skill level 5 in Axes
 11637 | D:8      | Reached skill level 5 in Maces & Flails
 11637 | D:8      | Reached skill level 5 in Polearms
 11637 | D:8      | Reached skill level 5 in Slings
 11637 | D:8      | Reached skill level 5 in Bows
 11637 | D:8      | Reached skill level 5 in Crossbows
 11637 | D:8      | Reached skill level 5 in Armour
 11637 | D:8      | Reached skill level 5 in Shields
 11637 | D:8      | Reached skill level 5 in Spellcasting
 12310 | D:9      | Found a staircase to the Lair.
 12692 | D:9      | Noticed a two-headed ogre
 12711 | D:9      | Killed a two-headed ogre
 12711 | D:9      | Reached *** piety under Okawaru
 13059 | D:10     | Entered Level 10 of the Dungeon
 13347 | D:10     | Found a blossoming altar of Fedhas.
 13532 | D:10     | Reached XP level 11. HP: 82/86 MP: 19/19
 14255 | D:8      | Reached **** piety under Okawaru
 14500 | Lair:1   | Entered Level 1 of the Lair of Beasts
 14500 | Lair:1   | Noticed a seven-headed hydra
 14524 | Lair:1   | Reached skill level 9 in Fighting
 14767 | Lair:1   | Noticed an eight-headed hydra
 14791 | Lair:1   | HP: 3/88 [eight-headed hydra (2)]
 14792 | Lair:1   | Slain by an eight-headed hydra

Vault maps used:
D:1:      saegor_arrival_under_anarchy
D:2:      minitemple, uniq_terence
D:3:      minmay_diamond_boxcup
D:4:      elyvilon_altar_5, kennysheep_mini, uniq_eustachio, uniq_grinder
D:5:      gammafunk_temple_overflow_arena, first_ration,
          cheibrodos_sewer_entry_bend, palyth_stone_intersect,
          minmay_misc_feat_plants
D:6:      lemuel_crystal_altar, fedhas_altar_1, lemuel_crystal_altar,
          lemuel_doored_altar, minmay_temple_entry_enclosed_plants,
          nicolae_ossuary_entry_ruins, hangedman_feature_mirror,
          serial_bayou_pond_c
D:7:      the_bakery, uniq_crazy_yiuf_cottage
D:8:      cheibrodos_histonic, nemelex_xobeh_ov_fountains_minmay,
          minmay_splitting_lines
D:9:      lair_entry_dummy, minmay_misc_feat_doors, st_stairs_6
D:10:     basic_altar, minmay_misc_feat_nine_boxes, nicolae_two_hexagons
Temple:   nicolae_temple_x_marks_the_god
Lair:1:   beast_lair_carwin_4, lemuel_fruit_fields
Ossuary:  minmay_ossuary_two_tombs

Skill      XL: |  1  2  3  4  5  6  7  8  9 10 11 |
---------------+----------------------------------+-----
Invocations    | 1 2 3 4 5 6 |  6.5
Short Blades   | 1 2 3 4 5 6 |  6.0
Long Blades    | 1 2 3 4 5 6 |  6.0
Axes           | 1 2 3 4 5 6 |  6.0
Maces & Flails | 1 2 3 4 5 6 |  6.0
Polearms       | 1 2 3 4 5 6 |  6.0
Slings         | 1 2 3 4 5 6 |  6.0
Bows           | 1 2 3 4 5 6 |  6.0
Crossbows      | 1 2 3 4 5 6 |  6.0
Armour         | 1 2 3 4 5 6 |  6.0
Shields        | 1 2 3 4 5 6 |  6.0
Spellcasting   | 1 2 3 4 5 6 |  6.0
Conjurations   | 1 2 3 4 |  4.9
Hexes          | 1 2 3 4 |  4.9
Charms         | 1 2 3 4 |  4.9
Summonings     | 1 2 3 4 |  4.9
Necromancy     | 1 2 3 4 |  4.9
Translocations | 1 2 3 4 |  4.9
Transmutations | 1 2 3 4 |  4.9
Fire Magic     | 1 2 3 4 |  4.9
Ice Magic      | 1 2 3 4 |  4.9
Air Magic      | 1 2 3 4 |  4.9
Earth Magic    | 1 2 3 4 |  4.9
Poison Magic   | 1 2 3 4 |  4.9
Staves         | 3 4 5 6 |  6.5
Throwing       | 3 4 5 6 |  6.5
Dodging        | 3 4 5 6 |  6.5
Evocations     | 3 4 5 6 |  6.5
Stealth        | 3 4 5 6 |  6.4
Unarmed Combat | 5 6 7 |  7.6
Fighting       | 7 8 9 |  9.0

Action                   |  1- 3 |  4- 6 |  7- 9 | 10-12 || total
-------------------------+-------+-------+-------+-------++-------
Melee: Hand axe          |    73 |       |       |       ||    73
       Dagger            |     4 |       |       |       ||     4
       Bite              |    18 |    20 |    84 |    49 ||   171
       Punch             |     5 |     9 |    12 |     2 ||    28
       War axe           |    61 |   196 |   552 |   339 ||  1148
       Flail             |       |       |       |     2 ||     2
 Fire: Shortbow          |       |       |    11 |    21 ||    32
Throw: Throwing net      |       |     1 |       |       ||     1
Invok: Heroism           |       |       |       |     7 ||     7
 Abil: Evoke Berserk Rag |       |       |       |     3 ||     3
Evoke: Wand              |       |       |       |     2 ||     2
  Use: Scroll            |     2 |     3 |     2 |    12 ||    19
       Potion            |       |     2 |     3 |       ||     5
 Stab: Sleeping          |     3 |     5 |     1 |     2 ||    11
       Held in net/web   |       |     2 |       |       ||     2
  Eat: Chunk             |     3 |     9 |    16 |    16 ||    44
       Ration            |       |       |     1 |       ||     1
Armor: Leather armour    |    25 |       |       |       ||    25
       Ring mail         |    13 |    89 |       |       ||   102
       Scale mail        |       |     5 |   147 |    41 ||   193
       Chain mail        |       |       |   140 |   172 ||   312
Dodge: Dodged            |   107 |   193 |   354 |   154 ||   808
Block: Shield            |       |       |       |   113 ||   113

Table legend:
 A = Spawn XP
 B = Non-spawn XP
 C = Spawn XP percentage of total XP
 D = Spawn monster count
 E = Non-spawn monster count
 F = Spawn count percentage of total count
 G = Total turns spent on level
                    A         B        C        D         E        F      G
               +---------+---------+-------+---------+---------+-------+---------
         Total |       0 |   11123 |   0.0 |       0 |     283 |   0.0 | 14792
               +---------+---------+-------+---------+---------+-------+---------
           D:1 |       0 |      35 |   0.0 |       0 |      19 |   0.0 |  1233
           D:2 |       0 |     221 |   0.0 |       0 |      30 |   0.0 |  1550
           D:3 |       0 |     259 |   0.0 |       0 |      26 |   0.0 |  1352
           D:4 |       0 |     430 |   0.0 |       0 |       9 |   0.0 |  1235
           D:5 |       0 |     759 |   0.0 |       0 |      32 |   0.0 |  1566
           D:6 |       0 |     519 |   0.0 |       0 |      19 |   0.0 |   905
           D:7 |       0 |    1738 |   0.0 |       0 |      30 |   0.0 |  1850
           D:8 |       0 |    3063 |   0.0 |       0 |      40 |   0.0 |  1738
           D:9 |       0 |    1579 |   0.0 |       0 |      13 |   0.0 |  1207
          D:10 |       0 |    1697 |   0.0 |       0 |      27 |   0.0 |  1026
        Lair:1 |       0 |     381 |   0.0 |       0 |       1 |   0.0 |   292
       Ossuary |       0 |     442 |   0.0 |       0 |      37 |   0.0 |   769
               +---------+---------+-------+---------+---------+-------+---------
